 Dungeon Crawl Stone Soup version 0.32-a0-711-g016ad743e0 (webtiles) character file.

Game seed: 11885038672705352444

94 ytrimaz the Trooper (level 4, -3/37 HPs)
             Began as a Coglin Berserker on Mar 15, 2024.
             Was a Believer of Trog.
             Slain by a ribbon worm (6 damage)
             ... on level 3 of the Dungeon.
             The game lasted 00:03:04 (1875 turns).

ytrimaz the Trooper (Coglin Berserker)              Turns: 1875, Time: 00:03:05

Health: -3/37      AC:  3    Str: 20    XL:     4   Next: 63%
Magic:  4/4        EV:  5    Int:  6    God:    Trog [**....]
Gold:   97         SH:  0    Dex: 13    Spells: 3/3 levels left

rFire   . . .        a - +0 hand axe {Edwyna}
rCold   . . .        c - +0 dagger {Amala}
rNeg    . . .        b - +0 animal skin
rPois   .            (no helmet)
rElec   .            i - +0 cloak
rCorr   .            (no gloves)
SInv    .            (no boots)
Will    .....        (amulet unavailable)
Stlth   +            (ring unavailable)
HPRegen 0.26/turn    (ring unavailable)
MPRegen 0.09/turn    (no gizmo)

%: no passive effects
@: brilliant, held, revved
A: off-hand wielding, slow wielding, warmup strikes, no jewellery, inability to
read after injury 1
a: Invent Gizmo, Renounce Religion, Berserk, Trog's Hand


You were on level 3 of the Dungeon.
You worshipped Trog.
Trog was pleased with you.
You visited 1 branch of the dungeon, and saw 3 of its levels.

You collected 97 gold pieces.


Innate Abilities, Weirdness & Mutations

You can wield a second weapon in your off-hand.
It takes a long time for you to wield or remove held weapons.
Your first few attacks do less damage.
You cannot equip rings or amulets.
You occasionally lose the ability to read scrolls when taking damage.


   Skills:
 + Level 3.9 Fighting
 + Level 3.8 Axes
 + Level 2.8 Armour
 - Level 1.7 Dodging


You had 3 spell levels left.
You didn't know any spells.
Your spell library was empty.

Inventory:

Hand Weapons
 a - a +0 hand axe (weapon) {Edwyna}
 c - a +0 dagger (offhand) {Amala}
Armour
 b - a +0 animal skin (worn)
 i - a +0 cloak (worn)
   (You found it on level 2 of the Dungeon)
Scrolls
 e - 2 scrolls of vulnerability
 f - a scroll of poison
 j - 3 scrolls of teleportation
 k - a scroll of blinking
 l - a scroll of immolation
 n - a scroll of silence
Potions
 g - a potion of mutation
 h - 2 potions of curing
 m - a potion of berserk rage {unknown}

Dungeon Overview and Level Annotations

Branches:
Dungeon (3/15) Zot: 16115

Altars:

Annotations:
D:3 Terence

.............#
##...############## ..
####### ## ## #. #.....#
#. ...###.### ##.##.# #.
##....!..######.##.####.
......................#.
........)#####........#.
.......@@....#........#.
......w......#........#.
......##.....#........#.
###... #.....#........).
.... #.....#.[......##
..... #.....#........#
.... #.....#........#
.... .....#).......#
#........#


You could see Terence and a ribbon worm.


Message History

Unknown command.
You hit the quokka but do no damage. x2; The quokka barely misses you.
You hit the quokka with your +0 hand axe.
You hit the quokka with your +0 dagger. The quokka misses you.
The quokka bites you but does no damage.
A quokka is nearby!
A quokka is nearby!
You hit the quokka but do no damage. x2; The quokka barely misses you.
You barely miss the quokka with your +0 dagger.
You hit the quokka with your +0 hand axe.
The quokka closely misses you.
Unknown command.
You closely miss the quokka with your +0 hand axe.
You hit the quokka but do no damage. The quokka barely misses you.
You barely miss the quokka with your +0 hand axe.
You hit the quokka with your +0 dagger.
You kill the quokka!
Trog accepts your kill.
Unknown command.
Items here: )) [ ††.
d - a bubbling clear potion No target in view!
A kobold comes into view. It is wielding a +0 short sword.
The kobold shouts!
A kobold is nearby!
A kobold is nearby!
Search for what [Enter for "cloak", or ? for help]? axe You hit the kobold but do no damage. x2; The kobold barely misses you.
A ribbon worm comes into view.
Unknown command.
You hit the kobold with your +0 dagger.
You hit the kobold with your +0 hand axe.
You kill the kobold!
Trog accepts your kill.
Terence the Incautious comes into view.
He is wielding a +0 mace.
Terence shouts!
Terence closely misses you.
Things that are here:
a +0 short sword; a kobold corpse You hit Terence but do no damage. x2; Terence closely misses you.
There are monsters nearby!
You hit Terence with your +0 hand axe.
You closely miss Terence with your +0 dagger.
Terence hits you with a +0 mace. 😕 HP[-6]
You take 6 damage, and now have 31/37 hp.
Unknown command.
You barely miss Terence with your +0 hand axe.
You barely miss the ribbon worm with your +0 hand axe.
You completely miss Terence with your +0 dagger.
Terence hits you but does no damage. The ribbon worm closely misses you.
Terence hits you with a +0 mace. 😕 HP[-3]
You take 3 damage, and now have 28/37 hp.
You hit Terence but do no damage.
You hit the ribbon worm but do no damage.
You closely miss Terence with your +0 dagger.
Terence hits you with a +0 mace. The ribbon worm bites you. 😮 HP[-6]
You take 6 damage, and now have 22/37 hp.
Unknown command.
You hit Terence with your +0 dagger.
You barely miss Terence with your +0 hand axe.
You barely miss the ribbon worm with your +0 hand axe.
Terence hits you with a +0 mace!
* * * LOW HITPOINT WARNING * * *
You are too injured to fight recklessly! 😨 HP[-8]
You take 8 damage, and now have 14/37 hp.
MASSIVE DAMAGE!! (PAUSE)
You hit Terence with your +0 hand axe.
You hit the ribbon worm but do no damage.
You closely miss Terence with your +0 dagger.
The ribbon worm expels a string of sticky webbing.
The stream of webbing hits you but does no damage.
You are caught in a web!
Terence hits you with a +0 mace.
* * * LOW HITPOINT WARNING * * *
😨 HP[-2]
You take 2 damage, and now have 12/37 hp.
It was a potion of brilliance.
You feel clever all of a sudden. The ribbon worm bites you!
* * * LOW HITPOINT WARNING * * *
Terence hits you with a +0 mace.
* * * LOW HITPOINT WARNING * * *
😱 HP[-8]
You take 8 damage, and now have 4/37 hp.
MASSIVE DAMAGE!! (PAUSE) It was a potion of curing.
You feel better. The ribbon worm bites you.
* * * LOW HITPOINT WARNING * * *
Terence shouts, "DIE!!!"
Terence hits you with a +0 mace.
* * * LOW HITPOINT WARNING * * *
😱 HP[-1]
You take 1 damage, and now have 3/37 hp.
It was a potion of mutation.
You feel extremely strange.
You occasionally lose the ability to read scrolls when taking damage.
The ribbon worm bites you.
You die...

Skill      XL: |  1 |
---------------+----+-----
Armour         | 2 |  2.8
Fighting       | |  3.9
Axes           | |  3.8
Dodging        | |  1.7

Action                     |  1- 3 |  4- 6 || total
---------------------------+-------+-------++-------
  Melee: Hand axe          |    75 |    62 ||   137
         Dagger            |    67 |    59 ||   126
    Use: Scroll            |       |     6 ||     6
         Potion            |       |     3 ||     3
   Stab: Sleeping          |     1 |     2 ||     3
 Armour: Animal skin       |    56 |    42 ||    98
  Dodge: Dodged            |    55 |    35 ||    90

Levels and vault maps discovered:
D:1:      dpeg_arrival_fog, layout_rooms
D:2:      layout_basic
D:3:      layout_basic, mainiacjoe_overflow_two_lobes, uniq_terence

Notes
Turn   | Place    | Note
-------+----------+-------------------------------------------
     0 | D:1      | ytrimaz the Coglin Berserker began the quest for the Orb.
     0 | D:1      | Reached XP level 1. HP: 18/18 MP: 1/1
     0 | D:1      | magus.rc [v1.9.6]
   118 | D:1      | Reached skill level 2 in Armour
   119 | D:1      | Reached XP level 2. HP: 23/24 MP: 2/2
   582 | D:2      | Reached XP level 3. HP: 25/29 MP: 3/3
   846 | D:2      | Reached ** piety under Trog
   977 | D:2      | Reached XP level 4. HP: 36/36 MP: 4/4
  1865 | D:3      | Noticed Terence
  1873 | D:3      | HP: 6/37 [ribbon worm (7)]
  1875 | D:3      | Gained mutation: You occasionally lose the ability to read
                  | scrolls when taking damage. [potion of mutation]
  1875 | D:3      | Slain by a ribbon worm

Vanquished Creatures
  3 adders (D:2)
  2 dart slugs (D:1)
  2 ribbon worms (D:2)
  An orc (D:3)
  8 ball pythons
  7 endoplasms
  4 goblins
  4 hobgoblins
  3 kobolds
  6 quokkas
  4 bats
  3 frilled lizards
  8 rats
55 creatures vanquished.

Table legend:
 A = Non-vault XP
 B = Vault XP
 C = Vault XP percentage of total XP
 D = Non-vault monster count
 E = Vault monster count
 F = Vault count percentage of total count
                 A         B        C        D         E       F
            +---------+---------+-------+---------+---------+-------
      Total |     135 |       0 |   0.0 |      55 |       0 |   0.0
            +---------+---------+-------+---------+---------+-------
        D:1 |      32 |       0 |   0.0 |      17 |       0 |   0.0
        D:2 |      88 |       0 |   0.0 |      30 |       0 |   0.0
        D:3 |      15 |       0 |   0.0 |       8 |       0 |   0.0
            +---------+---------+-------+---------+---------+-------

Skill      XL: |  1 |
---------------+----+-----
Armour         | 2 |  2.8
Fighting       | |  3.9
Axes           | |  3.8
Dodging        | |  1.7

Action                     |  1- 3 |  4- 6 || total
---------------------------+-------+-------++-------
  Melee: Hand axe          |    75 |    62 ||   137
         Dagger            |    67 |    59 ||   126
    Use: Scroll            |       |     6 ||     6
         Potion            |       |     3 ||     3
   Stab: Sleeping          |     1 |     2 ||     3
 Armour: Animal skin       |    56 |    42 ||    98
  Dodge: Dodged            |    55 |    35 ||    90

Illustrated notes

Table legend:
 A = Kills in this place as a percentage of kills in the entire game.
 B = Kills by you in this place as a percentage of kills by you in the entire game.
 C = Kills by friends in this place as a percentage of kills by friends in the entire game.
 D = Other kills in this place as a percentage of other kills in the entire game.
 E = Experience gained in this place as a percentage of experience gained in the entire game.
 F = Experience gained in this place divided by the number of levels of this place that you have seen.
                   A       B       C       D       E      F
               +-------+-------+-------+-------+-------+----------------------
         Total | 100.0 | 100.0 |   N/A |   N/A | 100.0 |  45.0
       Dungeon | 100.0 | 100.0 |   N/A |   N/A | 100.0 |  45.0
               +-------+-------+-------+-------+-------+----------------------

Table legend: (Time is in decaauts)
 A = Elapsed time spent in this place.
 B = Non-inter-level travel time spent in this place.
 C = Inter-level travel time spent in this place.
 D = Time resting spent in this place.
 E = Time spent auto-exploring this place.
 F = Levels seen in this place.
 G = Mean time per level.
                   A        B        C        D        E       F      G
               +--------+--------+--------+--------+--------+-----+--------+
         Total |   1883 |   1823 |     60 |     22 |   1381 |   3 |  627.7 |
       Dungeon |   1883 |   1823 |     60 |     22 |   1381 |   3 |  627.7 |
               +--------+--------+--------+--------+--------+-----+--------+

Top non-repeatable levels by time:
     D:2: 1102 daAuts
     D:1: 562 daAuts
     D:3: 218 daAuts
